 Dungeon Crawl Stone Soup version 0.31.0-11-ge490571c62 (webtiles) character file.

Game seed: 14683697426498035836

2695 RancidPinata the Covert (level 9, -8/63 HPs)
             Began as an Octopode Delver on Feb 5, 2024.
             Was an Initiate of Ru.
             Shot with a sling bullet by Joseph (18 damage)
             ... on level 7 of the Dungeon.
             The game lasted 00:39:34 (7985 turns).

RancidPinata the Covert (Octopode Delver)           Turns: 7985, Time: 00:39:35

Health: -8/63      AC:  1    Str: 13    XL:     9   Next: 65%
Magic:  9/9        EV: 16    Int: 13    God:    Ru [......]
Gold:   401        SH:  0    Dex: 15    Spells: 8/8 levels left

rFire   . . .        A - +3 greatsling "Punk" {acid, rCorr}
rCold   . . .        (no shield)
rNeg    . . .        (helmet restricted)
rPois   .            (no amulet)
rElec   .            r - ring of wizardry
rCorr   +            d - ring of resist corrosion
SInv    .            (no ring)
Will    .....        (no ring)
Stlth   ++++++       (no ring)
HPRegen 0.30/turn    (no ring)
MPRegen 0.11/turn    (no ring)
                     (no ring)

%: wizardry (x1)
@: no status effects
A: almost no armour, amphibious, 8 rings, camouflage 1, gelatinous body 1,
(nimble swimmer 1), tentacles
a: Renounce Religion


You were on level 7 of the Dungeon.
You worshipped Ru.
Ru was noncommittal.
You visited 2 branches of the dungeon, and saw 8 of its levels.
You also visited: Bailey.

You collected 464 gold pieces.
You spent 63 gold pieces at shops.

Inventory:

Hand Weapons
 a - a +0 short sword
 x - a +1 dagger of venom
 A - the +3 greatsling "Punk" (weapon) {acid, rCorr}
   (You found it on level 2 of the Dungeon)

   rCorr:     It protects you from acid and corrosion.
 E - a +1 vampiric short sword
 H - a +2 dagger of speed
Missiles
 g - 59 stones
 h - 3 javelins
 p - 6 boomerangs
 t - 14 poisoned darts
 B - 2 throwing nets
Jewellery
 d - a ring of resist corrosion (right tentacle)
 r - a ring of wizardry (left tentacle)
Talismans
 i - a flux talisman
 k - a maw talisman
Wands
 f - a wand of digging (3)
 G - a wand of charming (7)
Scrolls
 b - 2 scrolls of fog
 c - a scroll of enchant weapon {unknown}
 j - a scroll of identify
 l - a scroll of amnesia {unknown}
 m - a scroll of silence {unknown}
 o - 6 scrolls of teleportation
 u - 2 scrolls of noise {unknown}
 y - a scroll of poison
 C - 3 scrolls of vulnerability
Potions
 e - a potion of haste
 n - a potion of attraction {unknown}
 q - 4 potions of lignification
 s - 2 potions of resistance {unknown}
 v - a potion of magic
 z - a potion of degeneration {unknown}
 D - 2 potions of heal wounds {unknown}
 F - a potion of cancellation {unknown}
 I - a potion of mutation {unknown}


   Skills:
 * Level 6.6 Fighting
 + Level 4.7 Short Blades
 * Level 4.7 Ranged Weapons
 * Level 6.4 Dodging
 * Level 10.7 Stealth
 + Level 3.2 Shapeshifting


You had 8 spell levels left.
You didn't know any spells.
Your spell library contained the following spells:

 Spells                   Type           Power      Damage    Failure   Level
 Necrotise                Necr           0%         1d4       12%         1
 Ensorcelled Hibernation  Hex/Ice        0%         N/A       19%         2
 Sublimation of Blood     Necr           0%         N/A       19%         2
 Call Canine Familiar     Summ           0%         N/A       34%         3
 Fugue of the Fallen      Necr           0%         N/A       34%         3
 Hailstorm                Conj/Ice       0%         3d5       34%         3
 Passwall                 Erth           0%         N/A       34%         3
 Sigil of Binding         Hex            0%         N/A       34%         3
 Summon Ice Beast         Ice/Summ       0%         N/A       34%         3
 Swiftness                Air            0%         N/A       34%         3
 Tukima's Dance           Hex            0%         N/A       34%         3
 Vampiric Draining        Necr           0%         2d6       34%         3
 Anguish                  Hex/Necr       0%         N/A       73%         4
 Dimensional Bullseye     Hex/Tloc       0%         N/A       73%         4
 Martyr's Knell           Necr/Summ      0%         N/A       73%         4
 Passage of Golubria      Tloc           0%         N/A       73%         4
 Arcjolt                  Conj/Air       0%         1d10      96%         5
 Curse of Agony           Necr           0%         N/A       96%         5
 Irradiate                Conj/Alch      0%         3d11      96%         5
 Yara's Violent Unravell  Hex/Alch       0%         3d3       96%         5
 Sculpt Simulacrum        Ice/Alch       0%         N/A       100%        6
 Infestation              Necr           0%         N/A       100%        8


Dungeon Overview and Level Annotations

Branches:
Dungeon (7/15)             Temple (1/1) D:5          Bailey (visited)

Altars:
Ashenzari
Cheibriados
Dithmenos
Elyvilon
Fedhas
Hepliaklqana
Kikubaaqudgha
Makhleb
Nemelex Xobeh
Okawaru
Qazlal
Ru
Sif Muna
Trog
Uskayaw
Wu Jian
Xom
The Shining One

Shops:
D:5 *

Annotations:
D:4 1 transporter
D:7 Joseph


Innate Abilities, Weirdness & Mutations

You cannot wear most types of armour.
You are amphibious.
You can wear up to eight rings at the same time.
Your skin changes colour to match your surroundings (Stealth+).
Your rubbery body absorbs attacks. (AC +1, EV +1)
((You are camouflaged when in or above water. (Stealth+)))
You have tentacles for arms and can constrict up to eight enemies at once.


Message History

Joseph seems to be corroded for longer.
Joseph is heavily wounded.
You shoot a sling bullet. The sling bullet barely misses Joseph.
The sling bullet closely misses the kobold.
Joseph unwields a +1 sling of electrocution.
It stops crackling.
Joseph wields a +0 quarterstaff.
Joseph hits you with a +0 quarterstaff!
Joseph unwields a +0 quarterstaff.
Joseph wields a +1 sling of electrocution.
You hear the crackle of electricity.
Joseph shoots a sling bullet.
The sling bullet barely misses you.
Fire: A) +3 greatsling "Punk" {acid, rCorr}
Press: ? - help, Q - select action, (/) - cycle Shift-Dir - straight line, f/p - Joseph
Aim: Joseph, wielding a +1 sling of electrocution, wearing a +0 leather armour and carrying a wand of polymorph (heavily wounded, covered in acid, 65% to hit)
You shoot a sling bullet. The sling bullet barely misses Joseph.
The sling bullet hits the kobold!
You kill the kobold!
Joseph shoots a sling bullet.
The sling bullet hits you!!
You are electrocuted!
* * * LOW HITPOINT WARNING * * *
You feel better.
Joseph zaps a wand.
You easily resist.
Fire: A) +3 greatsling "Punk" {acid, rCorr}
Press: ? - help, Q - select action, (/) - cycle Shift-Dir - straight line, f/p - Joseph
Aim: Joseph, wielding a +1 sling of electrocution, wearing a +0 leather armour and carrying a wand of polymorph (heavily wounded, covered in acid, 65% to hit)
You shoot a sling bullet. The sling bullet closely misses Joseph.
Joseph zaps a wand.
You easily resist.
Joseph shoots a sling bullet.
The sling bullet hits you!
* * * LOW HITPOINT WARNING * * *
You feel better.
Joseph shoots a sling bullet.
The sling bullet barely misses you.
It was a potion of magic.
Magic courses through your body.
Joseph zaps a wand.
You easily resist.
Fire: A) +3 greatsling "Punk" {acid, rCorr}
Press: ? - help, Q - select action, (/) - cycle Shift-Dir - straight line, f/p - Joseph
Aim: Joseph, wielding a +1 sling of electrocution, wearing a +0 leather armour and carrying a wand of polymorph (heavily wounded, covered in acid, 65% to hit)
You shoot a sling bullet. The sling bullet hits Joseph!
Joseph is splashed with acid.
Joseph seems to be corroded for longer.
Joseph is severely wounded.
Joseph shoots a sling bullet.
The sling bullet hits you!!
You die...

#.).K......# *,*
#..........# *,*
#..........# *,*
#..........## **,*
#...........# *,,,
#.....?.!...# *,*,
#...........# **,*,
#########.#,,,* *,,*,
#....@.@).#**** **,***
#.######### ***,,*,* #.#
****,,,**,* #.#
#######..,,***,,, #.#
##.......#***,,,⌠,
#####.###..#####..,,***,,,
#...#.....#########,,,**,*
#.#.###.###########**,,*,*
#.#.#..............,**,*,*


You could see Joseph (corroded).

Vanquished Creatures
  An orc knight (Bailey)
  Prince Ribbit (D:4)
  5 orc warriors (Bailey)
  3 ogres
  2 centaurs
  2 phantoms (D:5)
  4 bullfrogs
  A scorpion (D:6)
  A jelly (D:6)
  4 hounds
  A bombardier beetle (D:4)
  4 iguanas
  2 orc wizards
  3 sleepcaps
  8 gnolls
  6 adders
  A shadow imp (D:5)
  4 ufetubi (D:6)
  3 ribbon worms
  2 dart slugs
  31 orcs
  4 endoplasms
  A giant cockroach (D:2)
  8 goblins
  15 hobgoblins
  3 jackals (D:5)
  8 kobolds
  3 quokkas
  7 ball pythons
  6 bats
  2 frilled lizards
  5 rats
151 creatures vanquished.

Notes
Turn   | Place    | Note
-------+----------+-------------------------------------------
     0 | D:5      | RancidPinata the Octopode Delver began the quest for the
                  | Orb.
     0 | D:5      | Reached XP level 1. HP: 16/16 MP: 1/1
    48 | D:6      | Reached XP level 2. HP: 13/21 MP: 2/2
   167 | D:6      | Got the Folio of the Horrible Missiles
   212 | D:6      | Found a sacrificial altar of Ru.
   212 | D:6      | Noticed a scorpion
   244 | D:6      | Noticed a centaur
   327 | D:5      | Found a staircase to the Ecumenical Temple.
   338 | D:5      | Reached XP level 3. HP: 26/26 MP: 3/3
   341 | Temple   | Entered the Ecumenical Temple
   442 | D:5      | Noticed Prince Ribbit
   510 | D:5      | Noticed a phantom
   527 | D:5      | Noticed a centaur
   723 | D:3      | Noticed a water elemental
   724 | D:3      | Found a stormy altar of Qazlal.
   799 | D:3      | Reached skill level 7 in Stealth
  1331 | D:3      | Reached XP level 4. HP: 31/31 MP: 4/4
  1826 | D:3      | Noticed an air elemental
  1827 | D:3      | Noticed an earth elemental
  1827 | D:3      | Noticed a fire elemental
  2480 | D:6      | Reached XP level 5. HP: 20/37 MP: 5/5
  2487 | D:6      | Became a worshipper of Ru the Awakened
  2674 | D:4      | Reached skill level 1 in Shapeshifting
  2676 | D:4      | Noticed an ogre
  2805 | D:2      | Reached XP level 6. HP: 43/43 MP: 6/6
  2998 | D:2      | Found the +3 greatsling "Punk" {acid, rCorr}
  3173 | D:1      | Found a faded altar of an unknown god.
  4521 | D:4      | Reached skill level 8 in Stealth
  4944 | D:4      | Reached skill level 1 in Ranged Weapons
  4944 | D:4      | Reached XP level 7. HP: 49/49 MP: 7/7
  4985 | D:4      | Found a sparkling altar of Nemelex Xobeh.
  4985 | D:4      | Found a transporter.
  5145 | D:5      | Found a bloodstained altar of Trog.
  5145 | D:5      | Found a burning altar of Makhleb.
  5190 | D:5      | Found a blossoming altar of Fedhas.
  5297 | D:5      | Reached skill level 5 in Fighting
  5335 | D:4      | Killed Prince Ribbit
  5336 | D:4      | Reached skill level 9 in Stealth
  5336 | D:4      | Reached XP level 8. HP: 5/55 MP: 8/8
  5575 | D:5      | Reached skill level 5 in Dodging
  5806 | D:5      | Found a shimmering altar of Xom.
  5850 | D:5      | Found Masoneus's Assorted Antiques.
  5858 | D:5      | Bought a scroll labelled ROKUAW JOTS for 23 gold pieces
  5858 | D:5      | Bought an orange potion for 20 gold pieces
  5858 | D:5      | Bought a sapphire potion for 20 gold pieces
  6409 | D:6      | Found Iski's Magic Scroll Shoppe.
  7202 | D:7      | Reached XP level 9. HP: 21/62 MP: 9/9
  7204 | D:7      | Found a flagged portal.
  7205 | D:7      | HP: 3/62 [hobgoblin/+0 spear (7)]
  7227 | Bailey   | Entered a bailey
  7427 | Bailey   | Reached skill level 10 in Stealth
  7570 | Bailey   | Noticed an orc knight
  7590 | Bailey   | Killed an orc knight
  7740 | Bailey   | Identified the +8 crystal plate armour "Vedec" {Str+5}
  7969 | D:7      | Noticed Joseph
  7982 | D:7      | HP: 1/63 [Joseph/sling bullet (17)]
  7985 | D:7      | Shot with a sling bullet by Joseph

Illustrated notes

Levels and vault maps discovered:
D:1:      co_arrival_random_square_maze, layout_rooms,
          chequers_ecumenical_altar_simple_redux, minmay_statues_item
D:2:      layout_basic, serial_forest, infiniplex_forest_clump_curved,
          infiniplex_forest_lined_2, infiniplex_forest_lined_room_2,
          infiniplex_forest_straight_3, infiniplex_forest_lined_4_way
D:3:      layout_loops_ring, nicolae_qazlal_style_of_elements,
          kennysheep_generic_room_13
D:4:      layout_cave_pools, grunt_nemelex_the_gamble
D:5:      layout_rooms, lemuel_tele_altar, gammafunk_temple_overflow_statue,
          mainiacjoe_overflow_24_doors, minmay_temple_entry_trees, serial_shops,
          nicolae_inconvenience_store, uniq_prince_ribbit1
D:6:      layout_loops_ring, mainiacjoe_overflow_small_starburst, serial_shops,
          shop
D:7:      minmay_general_purpose_star, layout_basic,
          pdpol_temple_overflow_zin_treasury_gozag_greed,
          mainiacjoe_overflow_six_doors_small, enter_bailey_4, uniq_joseph
Temple:   bh_familiar_temple

Skill      XL: |  1  2  3  4  5  6  7  8  9 |
---------------+----------------------------+-----
Stealth        | 7 8 9 10 | 10.7
Dodging        | 3 4 5 6 |  6.4
Fighting       | 4 5 6 |  6.6
Shapeshifting  | 1 2 3 |  3.2
Short Blades   | 3 4 |  4.7
Ranged Weapons | 1 2 3 4 |  4.7

Action                     |  1- 3 |  4- 6 |  7- 9 || total
---------------------------+-------+-------+-------++-------
  Melee: Short sword       |    53 |    70 |     5 ||   128
         Constrict         |    13 |    13 |     1 ||    27
         Tentacles         |     9 |    19 |     4 ||    32
         Punch             |     1 |       |       ||     1
         Dagger            |       |       |    10 ||    10
   Fire: Greatsling        |       |    66 |   176 ||   242
 Invoke: Reject Sacrifices |       |     1 |     1 ||     2
    Use: Scroll            |       |     1 |     6 ||     7
         Potion            |       |       |     5 ||     5
   Stab: Sleeping          |     7 |     9 |     1 ||    17
         Distracted        |     1 |       |       ||     1
 Armour: Skin              |    21 |    43 |    59 ||   123
  Dodge: Dodged            |    36 |    68 |    70 ||   174
